 Dungeon Crawl Stone Soup version 0.31-a0-175-g9f7f995f2b (webtiles) character file.

Game seed: 2401531065698258734

396 qw the Chopper (level 6, -1/38 HPs)
             Began as a Gargoyle Fighter on June 16, 2023.
             Slain by a black bear (2 damage)
             ... on level 4 of the Dungeon.
             The game lasted 00:01:30 (2835 turns).

qw the Chopper (Gargoyle Fighter)                   Turns: 2835, Time: 00:01:31

Health: -1/38      AC: 14    Str: 28    XL:     6   Next: 83%
Magic:  6/6        EV: 10    Int:  9    God:
Gold:   151        SH:  4    Dex: 12    Spells: 5/5 levels left

rFire   . . .        Y - +0 war axe
rCold   + . .        c - +0 buckler
rNeg    + . .        b - +0 scale mail
rPois   inf          (no helmet)
rElec   +            (no cloak)
rCorr   +            l - +2 pair of gloves
SInv    +            (no boots)
Will    .....        e - amulet of the Ancient Tales {RegenMP Str+7 Dex+3 SInv Stlth-} Stlth
                     j - ring of protection from cold
HPRegen 0.26/turn    a - ring of resist corrosion
MPRegen 0.50/turn

%: no passive effects
@: no status effects
A: sickness immunity, AC +4, negative energy resistance 1, electricity
resistance, torment resistance 1, petrification resistance
a: no special abilities


You were on level 4 of the Dungeon.
You visited 1 branch of the dungeon, and saw 4 of its levels.

You collected 151 gold pieces.


Innate Abilities, Weirdness & Mutations

You are immune to sickness and miasma.
Your stone body is resilient. (AC +4)
You are immune to poison.
You resist negative energy. (rN+)
You are resistant to electric shocks. (rElec)
You are resistant to unholy torment.
You are immune to petrification.


   Skills:
 - Level 4.2 Fighting
 + Level 5.8 Axes
 - Level 3.2 Armour
 - Level 1.0 Dodging
 - Level 3.2 Shields


You had 5 spell levels left.
You didn't know any spells.
Your spell library was empty.

Inventory:

Hand Weapons
 k - a +0 flail
 Y - a +0 war axe (weapon)
Armour
 b - a +0 scale mail (worn)
 c - a +0 buckler (worn)
 l - a +2 pair of gloves (worn)
Jewellery
 a - a ring of resist corrosion (right hand)
 e - the amulet of the Ancient Tales (around neck) {RegenMP Str+7 Dex+3 SInv Stlth-}
   (You found it on level 3 of the Dungeon)

   [amulet of magic regeneration]

   It increases your rate of magic regeneration.
   Str:       It affects your strength (+7).
   Dex:       It affects your dexterity (+3).
   SInv:      It lets you see invisible.
   Stlth:     It makes you less stealthy.
 j - a ring of protection from cold (left hand)
 q - a ring of resist corrosion
Scrolls
 m - 4 scrolls of teleportation
Potions
 d - a potion of might
 f - 2 potions of haste
 g - a potion of degeneration {unknown}
 h - a potion of heal wounds {unknown}
 i - a potion of cancellation {unknown}
 n - a potion of magic
 o - a potion of curing {unknown}
 r - a potion of attraction {unknown}

Dungeon Overview and Level Annotations

Branches:
Dungeon (4/15)
 Temple: D:4-7

Altars:


Message History

The black bear misses you. The black bear closely misses you.
The jackal misses you. You block the gnoll's attack. The black bear bites you.
The black bear closely misses you.
The black bear claws you but does no damage.
You slash the black bear!
The black bear is severely wounded.
You hit the jackal. You block the jackal's attack.
The gnoll closely misses you. You block the jackal's attack.
The black bear bites you.
The black bear claws you but does no damage. x2
You hit the black bear but do no damage.
The black bear is severely wounded.
You closely miss the jackal. The jackal misses you.
The gnoll hits you but does no damage. You block the black bear's attack.
The black bear closely misses you. The black bear barely misses you.
The jackal bites you but does no damage.
You hit the black bear.
The black bear is severely wounded.
You hit the jackal.
You kill the jackal!
The gnoll hits you but does no damage.
The black bear goes berserk!
You block the gnoll's attack.
You hit the black bear.
The black bear is almost dead.
The black bear bites you.
The black bear claws you but does no damage.
The black bear claws you.
The black bear bites you but does no damage.
The black bear misses you.
The black bear claws you but does no damage.
The gnoll closely misses you.
You barely miss the black bear.
The black bear is almost dead.
The black bear bites you. The black bear closely misses you.
The black bear claws you but does no damage.
The gnoll closely misses you. The black bear bites you!
The black bear claws you but does no damage.
The black bear claws you.
You die...

#.# # ##..
#¤#..# #¤#..#
$...####g##
#.........
#..g# #h)##
#%@# #..#
#..# #..#
#..# #..#
#..# #..#
#..########.#


You could see a black bear (berserk) and a gnoll.

Vanquished Creatures
  Grinder (D:2)
  A gnoll bouda (D:4)
  A hound (D:3)
  2 gnolls (D:4)
  6 adders
  6 dart slugs
  7 orcs
  4 endoplasms
  A giant cockroach (D:3)
  6 goblins
  4 hobgoblins
  7 jackals
  4 quokkas
  8 ball pythons
  4 bats
  3 frilled lizards
  2 kobolds
  3 rats
70 creatures vanquished.

Notes
Turn   | Place    | Note
-------+----------+-------------------------------------------
     0 | D:1      | qw the Gargoyle Fighter began the quest for the Orb.
     0 | D:1      | Reached XP level 1. HP: 14/14 MP: 1/1
     0 | D:1      | 0 ||| qw: Version: 0.2-a-29-g511e9b1
     0 | D:1      | 0 ||| qw: Game counter: 5866
     0 | D:1      | 0 ||| qw: Always use a shield: true
     0 | D:1      | 0 ||| qw: God list: Okawaru
     0 | D:1      | 0 ||| qw: Allow faded altars: false
     0 | D:1      | 0 ||| qw: Do Orc after D:15 true
     0 | D:1      | 0 ||| qw: Do second Lair branch before Depths: true
     0 | D:1      | 0 ||| qw: Lair rune preference: random
     0 | D:1      | 0 ||| qw: Plans: Normal, Zot:1-4, Slime:5, God:TSO, Crypt,
                  | Tomb, Abyss, Pan, Hells, Win
     0 | D:1      | 0 ||| PLANNING D:1-11
    62 | D:1      | Reached skill level 2 in Axes
   330 | D:1      | Reached XP level 2. HP: 18/19 MP: 2/2
   382 | D:1      | 382 ||| DROPPING +0 club.
   496 | D:1      | 496 ||| FLEEEEING.
   497 | D:1      | 497 ||| FLEEEEING.
   835 | D:1      | Reached skill level 3 in Axes
   900 | D:1      | 900 ||| DROPPING scarf of invisibility.
   901 | D:1      | 901 ||| UPGRADING to +0 pair of gloves.
   906 | D:1      | 906 ||| UPGRADING to ring of protection from cold.
   907 | D:1      | 907 ||| READING 2 scrolls labelled ZEUVOKLI ENOOMIMP.
   908 | D:1      | 908 ||| READING scroll of enchant armour.
   908 | D:1      | 908 ||| ENCHANTING +0 pair of gloves.
   909 | D:1      | 909 ||| READING scroll labelled BYARAF FEKUOLY.
   910 | D:1      | 910 ||| READING scroll labelled NIAHAFIARY.
   911 | D:1      | 911 ||| READING 2 scrolls labelled TAACIYLUTH.
   916 | D:1      | 916 ||| READING scroll labelled ASOIPI ROASHEU.
   917 | D:1      | 917 ||| READING scroll labelled LEWEIPHULUI.
   985 | D:2      | Reached XP level 3. HP: 23/23 MP: 3/3
  1029 | D:2      | 1029 ||| Stepping ~*~*~tactically~*~*~ (hiding).
  1056 | D:2      | 1056 ||| Stepping ~*~*~tactically~*~*~ (hiding).
  1058 | D:2      | 1058 ||| Stepping ~*~*~tactically~*~*~ (hiding).
  1682 | D:2      | Reached XP level 4. HP: 28/28 MP: 4/4
  1779 | D:2      | 1779 ||| READING scroll labelled MAONIS ELETT.
  1780 | D:2      | 1780 ||| READING scroll labelled VOAPSI TOPTUS.
  1781 | D:2      | 1781 ||| DRINKING 3 silvery potions.
  1804 | D:3      | 1804 ||| STAIRDANCE
  1896 | D:3      | Reached skill level 4 in Axes
  1955 | D:3      | Identified the amulet of the Ancient Tales {RegenMP Str+7
                  | Dex+3 SInv Stlth-}
  1974 | D:3      | 1974 ||| Stepping ~*~*~tactically~*~*~ (stealth).
  1989 | D:3      | 1989 ||| Stepping ~*~*~tactically~*~*~ (stealth).
  1997 | D:3      | 1997 ||| DROPPING +1 whip of flaming.
  2001 | D:3      | 2001 ||| Stepping ~*~*~tactically~*~*~ (hiding).
  2024 | D:3      | Noticed Grinder
  2039 | D:3      | Paralysed by Grinder for 2 turns
  2043 | D:3      | 2043 ||| STAIRDANCE
  2048 | D:2      | 2048 ||| FLEEEEING.
  2051 | D:2      | 2051 ||| FLEEEEING.
  2052 | D:2      | 2052 ||| FLEEEEING.
  2053 | D:2      | 2053 ||| FLEEEEING.
  2054 | D:2      | 2054 ||| FLEEEEING.
  2055 | D:2      | 2055 ||| FLEEEEING.
  2056 | D:2      | 2056 ||| FLEEEEING.
  2057 | D:2      | 2057 ||| FLEEEEING.
  2076 | D:2      | Paralysed by Grinder for 4 turns
  2081 | D:2      | 2081 ||| FLEEEEING.
  2083 | D:2      | Killed Grinder
  2084 | D:2      | Reached skill level 5 in Axes
  2084 | D:2      | Reached XP level 5. HP: 19/32 MP: 5/5
  2084 | D:2      | Reached XP level 6. HP: 23/37 MP: 6/6
  2146 | D:2      | 2146 ||| UPGRADING to amulet of the Ancient Tales {RegenMP
                  | Str+7 Dex+3 SInv Stlth-}.
  2151 | D:2      | 2151 ||| UPGRADING to ring of resist corrosion.
  2198 | D:3      | 2198 ||| Stepping ~*~*~tactically~*~*~ (stealth).
  2391 | D:3      | 2391 ||| READING scroll of enchant armour.
  2391 | D:3      | 2391 ||| ENCHANTING +1 pair of gloves.
  2422 | D:3      | 2422 ||| Stepping ~*~*~tactically~*~*~ (stealth).
  2429 | D:3      | Reached skill level 1 in Dodging
  2769 | D:3      | 2769 ||| READING scroll labelled IZXION TEIBUTS.
  2770 | D:3      | 2770 ||| DRINKING 2 white potions.
  2808 | D:4      | 2808 ||| Stepping ~*~*~tactically~*~*~ (hiding).
  2809 | D:4      | 2809 ||| Stepping ~*~*~tactically~*~*~ (hiding).
  2811 | D:4      | 2811 ||| Stepping ~*~*~tactically~*~*~ (hiding).
  2812 | D:4      | 2812 ||| Stepping ~*~*~tactically~*~*~ (hiding).
  2821 | D:4      | Noticed a black bear
  2835 | D:4      | HP: 8/38 [black bear (3)]
  2835 | D:4      | HP: 1/38 [black bear (7)]
  2835 | D:4      | Slain by a black bear

Levels and vault maps discovered:
D:1:      spicycebolla_green_bress_n_ham_2, layout_loops_ring,
          minmay_misc_feat_four_crosses, serial_bayou_lagoon_a,
          dk_noncrumbling_3
D:2:      layout_basic, chequers_serial_rivers_micro_e
D:3:      minmay_chambers_of_threes, layout_basic, kennysheep_minor_cross,
          minmay_vboxes, uniq_grinder
D:4:      layout_loops_ring, tgw_kikubaaqudgha, nzn_hepliaklqana_mist_gate

Skill      XL: |  1  2  3  4  5  6 |
---------------+-------------------+-----
Axes           | 2 3 5 |  5.8
Dodging        | 1 |  1.0
Fighting       | 4 |  4.2
Armour         | |  3.2
Shields        | |  3.2

Action                     |  1- 3 |  4- 6 || total
---------------------------+-------+-------++-------
  Melee: War axe           |   102 |   106 ||   208
    Use: Scroll            |     7 |     4 ||    11
         Potion            |       |     2 ||     2
 Armour: Scale mail        |    47 |    71 ||   118
  Dodge: Dodged            |    46 |    57 ||   103
  Block: Buckler           |    10 |    28 ||    38

Table legend:
 A = Non-vault XP
 B = Vault XP
 C = Vault XP percentage of total XP
 D = Non-vault monster count
 E = Vault monster count
 F = Vault count percentage of total count
                 A         B        C        D         E       F
            +---------+---------+-------+---------+---------+-------
      Total |     254 |     313 |  55.2 |      51 |      19 |  27.1
            +---------+---------+-------+---------+---------+-------
        D:1 |      33 |       0 |   0.0 |      18 |       0 |   0.0
        D:2 |      58 |     254 |  81.4 |      15 |       1 |   6.2
        D:3 |      85 |      59 |  41.0 |      12 |      18 |  60.0
        D:4 |      78 |       0 |   0.0 |       6 |       0 |   0.0
            +---------+---------+-------+---------+---------+-------
